 Dungeon Crawl Stone Soup version 0.17-a0-1642-gd4b747b (webtiles) character file.

17 thrall606 the Skirmisher (level 2, 0/24 HPs)
             Began as a Demonspawn Abyssal Knight on Aug 8, 2015.
             Was a Follower of Lugonu.
             Slain by a rat (1 damage)
             ... on level 2 of the Dungeon.
             The game lasted 00:03:35 (1307 turns).

thrall606 the Skirmisher (DsAK)                     Turns: 1307, Time: 00:03:36

Health: 0/24       AC:  7    Str: 12    XL:     2   Next: 44%
Magic:  3/3        EV: 10    Int: 13    God:    Lugonu [*.....]
Gold:   39         SH:  0    Dex: 12    Spells: 0 memorised, 1 level left

rFire  . . .     SeeInvis .     a - +2 falchion
rCold  . . .     Clarity  .     l - +0 ring mail
rNeg   . . .     SustAt   .     (no shield)
rPois  .         Gourm    .     (no helmet)
rElec  .         Spirit   .     (no cloak)
rCorr  .         Warding  .     (no gloves)
rMut   .         Stasis   .     (no boots)
MR     .....                    (no amulet)
Stlth  +.........               (no ring)
                                (no ring)

@: lethally poisoned (0 -> -8), not resistant to hostile enchantments, very
unstealthy
A: thin metallic scales 1
a: Depart the Abyss, Renounce Religion


You were on level 2 of the Dungeon.
You worshipped Lugonu.
Lugonu was aware of your devotion.
You were hungry.

You visited 1 branch of the dungeon, and saw 2 of its levels.
You visited the Abyss 1 time.

You collected 39 gold pieces.

Inventory:

Hand weapons
 a - a +2 falchion (weapon)
Armour
 b - a +0 leather armour
 l - a +0 ring mail (worn)
Scrolls
 d - a scroll of remove curse
 j - a scroll of identify
Potions
 e - 2 potions of curing
Books
 m - a book of Transfigurations

   Spells                             Type                      Level
   a - Stoneskin                      Transmutation/Earth          2
   b - Irradiate                      Conjuration/Transmutation    5
   c - Statue Form                    Transmutation/Earth          6
   d - Hydra Form                     Transmutation                6
   e - Dragon Form                    Transmutation                7
Comestibles
 c - 2 bread rations
 f - 4 fruits
 g - a royal jelly
 h - a chunk of flesh
 i - a meat ration
 k - a beef jerky


   Skills:
 + Level 3.3 Fighting
 + Level 1.8 Long Blades
 + Level 2.0 Armour
 + Level 1.1 Dodging
 + Level 0.4 Stealth
 + Level 2.6 Invocations


You had one spell level left.
You didn't know any spells.

Dungeon Overview and Level Annotations

Branches:
Dungeon (2/15)

Altars:
Elyvilon

Annotations:
D:2 Terence


Innate Abilities, Weirdness & Mutations

You are partially covered in thin metallic scales (AC +2).


Message History

* * * LOW HITPOINT WARNING * * *
The goblin hits you but does no damage.
You hit Terence.
Terence is almost dead.
The adder closely misses you.
Terence says, "You're history."
Terence closely misses you. The rat bites you but does no damage.
The hobgoblin hits you but does no damage.
The goblin completely misses you. The adder barely misses you.
You closely miss Terence.
Terence is almost dead.
* * * LOW HITPOINT WARNING * * *
You feel sick. The rat closely misses you. The adder bites you.
* * * LOW HITPOINT WARNING * * *
You are more poisoned.
The adder poisons you! Terence hits you but does no damage.
The goblin hits you but does no damage.
The hobgoblin hits you but does no damage.
The rat bites you.
You die...

#+.........
..._.....# ........#
....... #..... #
#..g.# #.##.r@S# #.#
#....g@.# #.#
####..g.# #.#
#......+ ...
#.#....###########.#
..
#..............#.#
..
#.############.#.# .
#. ##<###'#'### #.
#........... ..
#...........


You could see Terence, an adder, 2 hobgoblins, a goblin and a rat.

Vanquished Creatures
  A giant gecko (D:1)
  3 hobgoblins (D:1)
  3 bats (D:1)
  2 goblins (D:1)
  5 kobolds (D:1)
  3 rats (D:1)
17 creatures vanquished.

Notes
Turn   | Place    | Note
--------------------------------------------------------------
     0 | Abyss:1  | thrall606 the Demonspawn Abyssal Knight began the quest for the Orb.
     0 | Abyss:1  | Reached XP level 1. HP: 18/18 MP: 2/2
   140 | D:1      | Escaped the Abyss
   537 | D:1      | Reached skill level 1 in Dodging
   583 | D:1      | Acquired Lugonu's first power
   583 | D:1      | Gained mutation: You are partially covered in thin metallic scales (AC +2). [demonic ancestry]
   583 | D:1      | Reached XP level 2. HP: 18/24 MP: 3/3
  1293 | D:2      | Noticed Terence
  1295 | D:2      | Found a white marble altar of Elyvilon.
  1307 | D:2      | HP: 1/24 [adder (2)]
  1307 | D:2      | Slain by a rat

Vault maps used:
D:1:      mrwooster_arrival_statue_2
D:2:      grunt_temple_overflow_open, ecumenical_altar_2, uniq_terence

Action                   || total
-------------------------++-------
Melee: Falchion          ||    63
Invok: Depart the Abyss  ||     1
  Use: Scroll            ||     4
       Potion            ||     2
  Eat: Chunk             ||     1
